 Dungeon Crawl Stone Soup version 0.30-a0-672-gc3a7216ad8 (webtiles) character file.

Game seed: 6011869256182558758

2677 wormed the Changer (level 9, -12/59 HPs)
             Began as an Octopode Venom Mage on Jan 18, 2023.
             Was an Initiate of Gozag.
             Hit by a large rock thrown by a cyclops (47 damage)
             ... on level 7 of the Dungeon.
             The game lasted 00:14:57 (10044 turns).

wormed the Changer (Octopode Venom Mage)           Turns: 10044, Time: 00:14:58

Health: -12/59     AC:  1    Str:  5    XL:     9   Next: 64%
Magic:  20/20      EV: 14    Int: 21    God:    Gozag
Gold:   775        SH:  0    Dex: 13    Spells: 15/22 levels left

rFire   . . .      SeeInvis +    j - staff of poison
rCold   . . .      Faith    .    (no shield)
rNeg    . . .      Spirit   .    (helmet restricted)
rPois   +          Reflect  .    (no amulet)
rElec   .          Harm     .    m - ring of see invisible
rCorr   .          Rampage  .    (no ring)
Will    .....                    (no ring)
Stlth   +++                      (no ring)
HPRegen 0.29/turn                (no ring)
MPRegen 0.17/turn                (no ring)
                                 (no ring)
                                 (no ring)

@: unable to read
A: almost no armour, amphibious, 8 rings, camouflage 1, gelatinous body 1,
(nimble swimmer 1), tentacles, robust 1, weak 1, inability to read after injury
1
a: Renounce Religion, Potion Petition, Call Merchant, Bribe Branch


You were on level 7 of the Dungeon.
You worshipped Gozag.
Gozag was pleased with you.
You visited 2 branches of the dungeon, and saw 8 of its levels.
You also visited: Ossuary.

You collected 851 gold pieces.
You paid 76 gold pieces to Gozag.

Inventory:

Magical Staves
 b - a staff of cold
 j - a staff of poison (weapon)
Jewellery
 m - a ring of see invisible (left tentacle)
Scrolls
 c - 4 scrolls of identify
 d - a scroll of poison
 f - 5 scrolls of magic mapping
 k - a scroll of teleportation
 l - 2 scrolls of fog
 p - a scroll of enchant armour
 q - a scroll of silence
 r - a scroll of enchant weapon
Potions
 a - a potion of degeneration
 e - 2 potions of brilliance
 g - a potion of cancellation
 h - a potion of magic
 i - 2 potions of curing
 n - a potion of haste
 o - a potion of ambrosia


   Skills:
 + Level 2.0 Fighting
 + Level 3.1 Dodging
 - Level 2.6 Stealth
 + Level 2.1 Unarmed Combat
 + Level 7.4 Spellcasting
 + Level 7.9 Transmutations
 - Level 7.0 Poison Magic


You had 15 spell levels left.
You knew the following spells:

 Your Spells              Type           Power      Damage    Failure   Level
a - Sting                 Tmut/Pois      100%       1d8       1%          1
b - Poisonous Vapours     Pois/Air       66%        N/A       3%          2
c - Olgreb's Toxic Radia  Pois           54%        N/A       4%          4

Your spell library contained the following spells:

 Spells                   Type           Power      Damage    Failure   Level
 Apportation              Tloc           14%        N/A       9%          1
 Necrotise                Necr           28%        1d5       9%          1
 Summon Small Mammal      Summ           28%        N/A       9%          1
 Mephitic Cloud           Conj/Pois/Air  26%        N/A       10%         3


Dungeon Overview and Level Annotations

Branches:
Dungeon (7/15)             Temple (1/1) D:4         Ossuary (visited)

Altars:
Ashenzari
Cheibriados
Elyvilon
Fedhas
Gozag
Hepliaklqana
Kikubaaqudgha
Makhleb
Nemelex Xobeh
Qazlal
Ru
Trog
Uskayaw
Wu Jian
Xom
Yredelemnul
Zin
The Shining One

Shops:
D:3 ?


Innate Abilities, Weirdness & Mutations

You cannot wear most types of armour.
You are amphibious.
You can wear up to eight rings at the same time.
Your skin changes colour to match your surroundings (Stealth+).
Your rubbery body absorbs attacks. (AC +1, EV +1)
((You are camouflaged when in or above water. (Stealth+)))
You have tentacles for arms and can constrict up to eight enemies at once.
You are robust. (+10% HP)
You are weak. (Str -2)
You occasionally lose the ability to read scrolls when taking damage.


Message History

An orc is nearby!
An orc comes into view. It is wielding a +0 hand axe.
An orc wizard comes into view. It is wielding a +0 dagger.
The orc shouts! x2; The orc wizard shouts!
An orc comes into view. It is wielding a +0 flail.
Casting: Sting (safe; 1% risk of failure)
Confirm with . or Enter, or press ? or * to list all spells.
You feel a surge of power!
You begin to radiate toxic energy.
The orc wizard is poisoned.
The orc is poisoned. x3
The orc looks even sicker.
You completely miss the orc. You grab the orc.
The orc is heavily wounded.
You kill the orc! x2
The orc looks even sicker.
You constrict the orc.
You kill the orc!
You kill the orc wizard!
Your toxic aura wanes.
You now have 735 gold pieces (gained 6).
You see here a +0 morningstar.
Magic restored.
You now have 743 gold pieces (gained 8).
Things that are here:
a +0 hand axe; a +0 leather armour You now have 749 gold pieces (gained 6).
Things that are here:
a +0 dagger; a +0 robe You now have 756 gold pieces (gained 7).
You see here a +0 flail.
You now have 775 gold pieces (gained 19).
A wraith and a cyclops come into view.
The cyclops throws a large rock.
The large rock hits you!!
There are monsters nearby!
There are monsters nearby!
There are monsters nearby!
The cyclops throws a large rock.
The large rock completely misses you.
The cyclops throws a large rock.
The large rock hits you!!!
You feel threatened and lose the ability to read scrolls!
Ouch! That really hurt!
You die...
Your body crumbles into a pile of gold.

#... #.. #
#..###
#.##....#
WC.C...#.#
##.##..#.#
#....#
##.#..###
#.....@.#
#....###.##
#..#.#
#...# ##...
#.#.# ##..
#)..# ##
#.)## ####
##)## ...
#..##.##
#.)....#


You could see a cyclops.

Vanquished Creatures
  Prince Ribbit (D:5)
  Eustachio (D:4)
  An orc warrior (D:6)
  2 ice beasts
  A black bear (D:6)
  An ogre (D:4)
  A kobold brigand (D:6)
  11 scorpions
  A howler monkey (D:5)
  4 crimson imps (D:6)
  4 centaur zombies (Ossuary)
  3 human zombies (Ossuary)
  A gnoll bouda (D:5)
  3 orc priests
  3 iguanas
  Jessica (D:2)
  2 scorpion zombies (Ossuary)
  7 orc wizards
  Natasha (thrice) (D:3)
  3 mummies (Ossuary)
  7 gnolls
  5 adders
  2 ufetubi (D:5)
  2 dart slugs
  22 orcs
  6 endoplasms
  3 giant cockroaches
  5 hobgoblins
  17 kobolds
  6 quokkas
  6 bats
  4 frilled lizards
  4 gnoll zombies (Ossuary)
  6 goblins
  4 goblin zombies
  2 hobgoblin zombies (Ossuary)
  3 kobold zombies (Ossuary)
  An orc zombie (Ossuary)
  12 rats
  A rat zombie (D:4)
172 creatures vanquished.

Notes
Turn   | Place    | Note
-------+----------+-------------------------------------------
     0 | D:1      | wormed the Octopode Venom Mage began the quest for the Orb.
     0 | D:1      | Reached XP level 1. HP: 11/11 MP: 3/3
   395 | D:1      | Reached XP level 2. HP: 13/17 MP: 1/5
   610 | D:1      | Found a faded altar of an unknown god.
  1044 | D:2      | Learned a level 2 spell: Poisonous Vapours
  1119 | D:2      | Reached XP level 3. HP: 21/21 MP: 6/6
  1307 | D:2      | Noticed Jessica
  1315 | D:2      | Killed Jessica
  1316 | D:2      | Reached XP level 4. HP: 27/27 MP: 0/8
  1797 | D:2      | Learned a level 4 spell: Olgreb's Toxic Radiance
  1922 | D:3      | Noticed Natasha
  1929 | D:3      | Killed Natasha
  2225 | D:3      | Found Nujaladgh's Magic Scroll Shoppe.
  2281 | D:3      | Noticed Natasha
  2292 | D:3      | Killed Natasha
  2293 | D:3      | Reached XP level 5. HP: 31/31 MP: 3/9
  2771 | D:3      | Noticed Natasha
  2777 | D:3      | Killed Natasha
  2778 | D:3      | Reached skill level 5 in Poison Magic
  3282 | D:4      | Found a burning altar of Makhleb.
  3304 | D:4      | Found a sand-covered staircase.
  3408 | Ossuary  | Entered an ossuary
  3423 | Ossuary  | Reached XP level 6. HP: 36/36 MP: 4/11
  3588 | Ossuary  | HP: 1/36 [centaur zombie (2)]
  3954 | Ossuary  | Reached XP level 7. HP: 41/41 MP: 6/13
  4089 | Ossuary  | Gained mutation: You occasionally lose the ability to read
                  | scrolls when taking damage. [potion of mutation]
  4089 | Ossuary  | Gained mutation: You are weak. (Str -2) [potion of
                  | mutation]
  4089 | Ossuary  | Gained mutation: You are robust. (+10% HP) [potion of
                  | mutation]
  4403 | Ossuary  | HP: 1/45 [mummy (4)]
  5075 | Ossuary  | Reached skill level 5 in Transmutations
  5075 | Ossuary  | Reached XP level 8. HP: 47/50 MP: 7/15
  5084 | Ossuary  | Reached skill level 5 in Spellcasting
  6139 | D:4      | Found a staircase to the Ecumenical Temple.
  6166 | Temple   | Entered the Ecumenical Temple
  6223 | Temple   | Became a worshipper of Gozag Ym Sagoz the Greedy
  6488 | D:4      | Noticed Eustachio
  6505 | D:4      | Killed Eustachio
  7034 | D:5      | Entered Level 5 of the Dungeon
  7260 | D:5      | Reached XP level 9. HP: 32/56 MP: 13/19
  7426 | D:5      | Noticed Prince Ribbit
  7442 | D:5      | Killed Prince Ribbit
  8443 | D:6      | Reached skill level 1 in Fighting
  8443 | D:6      | Reached skill level 1 in Unarmed Combat
  9238 | D:6      | Found a white marble altar of Elyvilon.
  9240 | D:6      | Found a snail-covered altar of Cheibriados.
  9242 | D:6      | Found a stormy altar of Qazlal.
  9243 | D:6      | Found a broken altar of Ashenzari.
  9425 | D:6      | Found a shimmering altar of Xom.
 10039 | D:7      | Noticed a cyclops
 10044 | D:7      | Hit by a large rock thrown by a cyclops

Illustrated notes

Levels and vault maps discovered:
D:1:      pf_arrival_petrified_forest, layout_loops_ring,
          basic_ecumenical_altar, kennysheep_pointless_box
D:2:      layout_rooms, minmay_rat_gold_closets, uniq_jessica
D:3:      layout_basic, serial_shops, shop_fountains,
          wander_ebering_terrifying_dragon_lair, uniq_natasha
D:4:      layout_cave_pools, lemuel_crystal_altar, minmay_temple_entry_fiery,
          enter_ossuary_4, uniq_eustachio
D:5:      layout_basic, uniq_prince_ribbit1
D:6:      layout_gridville, mainiacjoe_overflow_alcove_3, led_xom_imps,
          amcnicky_mini_pool_small, kennysheep_cross_room, lemuel_flame_loot_1
D:7:      minmay_the_grid_octo_2x2 [minmay_the_grid_octo_vomiting_pacman,
          minmay_the_grid_octo_focus, minmay_the_grid_octo_fat_diamond,
          minmay_the_grid_octo_prize_square_snowflake], layout_basic,
          corexii_hall_statues_deadend, minmay_chambers_of_fives
Temple:   compressed_dpeg_circular_temple

Skill      XL: |  1  2  3  4  5  6  7  8  9 |
---------------+----------------------------+-----
Poison Magic   | 4 5 6 7 |  7.0
Transmutations | 2 3 4 5 7 |  7.9
Spellcasting   | 3 4 6 7 |  7.4
Fighting       | 2 |  2.0
Unarmed Combat | 2 |  2.1
Dodging        | 3 |  3.1
Stealth        | |  2.6

Action                   |  1- 3 |  4- 6 |  7- 9 || total
-------------------------+-------+-------+-------++-------
Melee: Unarmed           |    43 |    54 |   112 ||   209
       Tentacles         |     9 |    19 |    55 ||    83
       Constrict         |    13 |    13 |    33 ||    59
       Punch             |     1 |       |     4 ||     5
       Staff             |       |       |    50 ||    50
 Cast: Sting             |    30 |    55 |    83 ||   168
       Poisonous Vapours |     5 |    42 |   106 ||   153
       Olgreb's Toxic Ra |       |       |    14 ||    14
Evoke: Wand              |       |    11 |     7 ||    18
  Use: Scroll            |     5 |     5 |     3 ||    13
       Potion            |       |     1 |    10 ||    11
 Stab: Sleeping          |     5 |     1 |       ||     6
Armor: Skin              |     5 |    18 |    20 ||    43
Dodge: Dodged            |    23 |    63 |   150 ||   236

Table legend: (Time is in decaauts)
 A = Elapsed time spent in this place.
 B = Non-inter-level travel time spent in this place.
 C = Inter-level travel time spent in this place.
 D = Time resting spent in this place.
 E = Time spent auto-exploring this place.
 F = Levels seen in this place.
 G = Mean time per level.
                   A        B        C        D        E       F      G
               +--------+--------+--------+--------+--------+-----+--------+
         Total |  10054 |   9854 |    200 |    306 |   7853 |   9 | 1117.1 |
       Dungeon |   7589 |   7427 |    162 |      0 |   6309 |   7 | 1084.1 |
        Temple |     96 |     58 |     38 |      0 |     38 |   1 |   96.0 |
       Ossuary |   2368 |   2368 |      0 |    306 |   1506 |   1 | 2368.0 |
               +--------+--------+--------+--------+--------+-----+--------+

Top non-repeatable levels by time:
 Ossuary: 2368 daAuts
     D:3: 1595 daAuts
     D:6: 1581 daAuts
     D:5: 1367 daAuts
     D:4: 1175 daAuts
     D:1: 935 daAuts
     D:2: 864 daAuts
  Temple: 96 daAuts
     D:7: 70 daAuts
